 Dungeon Crawl Stone Soup version 0.19-a0-854-gc78d25d (webtiles) character file.

43 Gruud the Slasher (level 3, -4/27 HPs)
             Began as a Demonspawn Gladiator on July 1, 2016.
             Killed from afar by Natasha (9 damage)
             ... with a magic dart
             ... on level 2 of the Dungeon.
             The game lasted 00:01:25 (596 turns).

Gruud the Slasher (Demonspawn Gladiator)             Turns: 596, Time: 00:01:26

Health: -4/27      AC:  5    Str: 15    XL:     3   Next: 37%
Magic:  3/3        EV: 13    Int: 10    God:
Gold:   8          SH:  0    Dex: 13    Spells: 0 memorised, 2 levels left

rFire  . . .     SeeInvis .     a - +0 long sword
rCold  . . .     Gourm    .     b - +0 leather armour
rNeg   . . .     Faith    .     (no shield)
rPois  .         Spirit   .     c - +0 helmet
rElec  .         Dismiss  .     (no cloak)
rCorr  .         Reflect  .     (no gloves)
SustAt .         Harm     .     (no boots)
MR     .....                    (no amulet)
Stlth  +.........               (no ring)
                                (no ring)

@: not resistant to hostile enchantments, very unstealthy
A: rugged brown scales 1
a: no special abilities


You were on level 2 of the Dungeon.
You were not hungry.

You visited 1 branch of the dungeon, and saw 2 of its levels.

You collected 8 gold pieces.

Inventory:

Hand Weapons
 a - a +0 long sword (weapon)
Missiles
 d - 3 throwing nets (quivered)
Armour
 b - a +0 leather armour (worn)
 c - a +0 helmet (worn)
Scrolls
 e - a scroll of random uselessness {unknown}
 i - 2 scrolls of identify {unknown}
Potions
 h - a potion of might {unknown}
 j - a potion of cancellation {unknown}
 l - a potion of curing {unknown}
Comestibles
 f - a bread ration
 g - 2 chunks of flesh
 k - a beef jerky


   Skills:
 - Level 2.0 Fighting
 * Level 3.6 Long Blades
 - Level 1.7 Throwing
 + Level 3.1 Dodging


You had 2 spell levels left.
You didn't know any spells.

Dungeon Overview and Level Annotations

Branches:
Dungeon (2/15)

Altars:

Annotations:
D:2 Jessica, Natasha


Innate Abilities, Weirdness & Mutations

You are partially covered in rugged brown scales. (AC +1, +3% HP)


Message History

Jessica the Apprentice Sorceress comes into view.
She is wielding a club.
There is a stone staircase leading up here.
Found a scale mail.
You start resting.
Natasha, Servant of Life and Death comes into view.
Natasha hisses angrily.
Natasha stares at you and mumbles some strange words.
The magic dart hits you!
Natasha drinks a potion.
Natasha seems to speed up.
Natasha stares at you and mumbles some strange words.
The magic dart hits you! Natasha misses you.
You riposte.
You closely miss Natasha. You hit Natasha but do no damage. Natasha claws you.
* * * LOW HITPOINT WARNING * * *
You hit Natasha.
Natasha is moderately wounded.
Natasha claws you but does no damage. Natasha casts a spell at you.
The magic dart hits you!
You die...

.# #.# [# .....# #.# .#
.......# ..##.# .......##
#....# ........ +....#
.......# ###########....#
....#.. ......h@....>..+
....#.##############....#
....#'#.........###<....+
........................#
...................†....#
.....................####
†?..†......^.........#
......#..............#
†######..............#


You could see Natasha.

Vanquished Creatures
  An adder (D:1)
  A worm (D:2)
  A dart slug (D:1)
  2 giant geckos (D:1)
  2 ball pythons
  A bat (D:1)
  A giant cockroach (D:1)
  2 hobgoblins (D:1)
  4 jackals (D:1)
  A quokka (D:2)
  A giant newt (D:1)
  A goblin (D:1)
  3 kobolds (D:1)
  5 rats
26 creatures vanquished.

Notes
Turn   | Place    | Note
-------+----------+-------------------------------------------
     0 | D:1      | Gruud the Demonspawn Gladiator began the quest for the Orb.
     0 | D:1      | Reached XP level 1. HP: 16/16 MP: 1/1
    42 | D:1      | Gained mutation: You are partially covered in rugged brown scales. (AC +1, +3% HP) [demonic ancestry]
    42 | D:1      | Reached XP level 2. HP: 10/22 MP: 2/2
   307 | D:1      | Reached XP level 3. HP: 15/27 MP: 3/3
   490 | D:2      | Noticed Jessica
   591 | D:2      | Noticed Natasha
   596 | D:2      | Killed from afar by Natasha

Vault maps used:
D:1:      saegor_arrival_simple_c, minmay_misc_feat_more_columns
D:2:      serial_bayou_pond_e, uniq_natasha, uniq_jessica

Skill      XL: |  1  2 |
---------------+-------+-----
Long Blades    | 3 |  3.6
Dodging        | 3 |  3.1
Fighting       | |  2.0
Throwing       | |  1.7

Action                   || total
-------------------------++-------
Melee: Long sword        ||   103
Armor: Leather armour    ||    24
Dodge: Dodged            ||    60
